 Dungeon Sprint DCSS version 0.27.1-33-g824d729ab1 (webtiles) character file.

Game seed: 9884268078947006421

935 Hipnos the Convoker (level 7, -3/37 HPs)
             Began as a Deep Elf Summoner on Nov 25, 2021.
             Was a Follower of Sif Muna.
             Slain by a deep troll (15 damage)
             ... in the Dungeon (Sprint I: "Red Sonja").
             The game lasted 00:13:42 (1367 turns).

Hipnos the Convoker (Deep Elf Summoner)             Turns: 1367, Time: 00:13:42

Health: -3/37      AC:  2    Str:  5    XL:     7   Next: 87%
Magic:  14/24      EV: 13    Int: 22    God:    Sif Muna [*.....]
Gold:   702        SH:  0    Dex: 15    Spells: 16/29 levels left

rFire    . . .     SeeInvis .   h - +0 dagger
rCold    . . .     Faith    .   (no shield)
rNeg     . . .     Spirit   .   a - +0 robe
rPois    .         Reflect  .   (no helmet)
rElec    .         Harm     .   (no cloak)
rCorr    .         Rampage  .   (no gloves)
Will     .....     NoTele   +   (no boots)
Stlth    ++........             (no amulet)
HPRegen  0.12/turn              (no ring)
MPRegen  0.19/turn              (no ring)

@: no status effects
A: no striking features
a: Renounce Religion, Channel Magic


You were in the Dungeon.
You worshipped Sif Muna.
Sif Muna was aware of your devotion.
You visited 1 branch You collected 702 gold pieces.

Inventory:

Hand Weapons
 h - a +0 dagger (weapon)
Armour
 a - a +0 robe (worn)
Scrolls
 g - a scroll of blinking
 i - a scroll of acquirement {unknown}
Potions
 b - 3 potions of curing
 c - a potion of heal wounds
 d - a potion of haste
 e - a potion of magic
 f - a potion of berserk rage


   Skills:
 + Level 0.3 Fighting
 + Level 3.2 Dodging
 - Level 2.4 Stealth
 + Level 11.8 Spellcasting
 - Level 3.3 Hexes
 * Level 15.3 Summonings


You had 16 spell levels left.
You knew the following spells:

 Your Spells              Type           Power      Damage    Failure   Level
a - Summon Small Mammal   Summ           100%       N/A       0%          1
b - Call Imp              Summ           69%        N/A       0%          2
c - Call Canine Familiar  Summ           69%        N/A       1%          3
d - Summon Guardian Gole  Hex/Summ       52%        N/A       1%          3
e - Summon Lightning Spi  Summ/Air       46%        N/A       2%          4

Your spell library contained the following spells:

 Spells                   Type           Power      Damage    Failure   Level
 Foxfire                  Conj/Fire      52%        2x1d6     4%          1
 Inner Flame              Hex/Fire       20%        N/A       8%          3
 Conjure Flame            Conj/Fire      13%        6-21      16%         3
 Hailstorm                Conj/Ice       13%        3d5       45%         4
 Ice Form                 Ice/Tmut       13%        N/A       45%         4
 Simulacrum               Ice/Necr       6%         N/A       100%        6


Dungeon Overview and Level Annotations

Branches:
Dungeon (1/1)

Altars:
Cheibriados
Dithmenos
Elyvilon
Fedhas
Gozag
Hepliaklqana
Kikubaaqudgha
Makhleb
Nemelex Xobeh
Okawaru
Qazlal
Ru
Sif Muna
Trog
Uskayaw
Vehumet
Wu Jian
Xom
Yredelemnul
Zin
The Shining One
Jiyva
Lugonu

Shops:
D (


Message History

Confirm with . or Enter, or press ? or * to list all spells.
Okay, then.
You open the door.
A deep troll comes into view.
Found 108 gold pieces.
Casting: Call Imp (safe; 0% risk of failure)
Confirm with . or Enter, or press ? or * to list all spells.
An electric hum fills the air.
The deep troll shouts!
You swap places.
Your warg disappears in a puff of smoke!
Your crimson imp blinks!
Your lightning spire shoots out a bolt of lightning at the deep troll!
The bolt of electricity hits the deep troll!
Your lightning spire shoots out a bolt of lightning at the deep troll!
The bolt of electricity hits the deep troll.
Your lightning spire shoots out a bolt of lightning at the deep troll!
The bolt of electricity hits the deep troll!
You swap places.
The deep troll bites your white imp! The deep troll claws your white imp!
The deep troll claws your white imp!!
Your white imp dies!
Your white imp disappears in a puff of smoke!
Your crimson imp hits the deep troll.
Casting: Summon Lightning Spire (dangerous; 2% risk of failure)
Confirm with . or Enter, or press ? or * to list all spells.
A guardian golem appears, shielding your allies.
Your guardian golem disappears in a puff of smoke!
The deep troll bites you!!
Ouch! That really hurt!
* * * LOW HITPOINT WARNING * * *
The deep troll claws you.
* * * LOW HITPOINT WARNING * * *
The deep troll closely misses you.
Your crimson imp hits the deep troll but does no damage.
Your crimson imp closely misses the deep troll.
There is an open door, spattered with blood here.
Your crimson imp barely misses the deep troll.
You feel much better. The deep troll barely misses you.
The deep troll claws you! x2
You die...

##########################
#<.#..'..#..'..#__#..'K..#
#..').#..'..#..'..'..#...#
#..#####'#####'#__#### ..+
#..####..#...#[#### ##
#).#__####..##.#
#.[#_____##'#_.+
#⌠⌠#_.∩..)'@.._#
####_..__##T.#'#
#_____###'#.#
#########5####+###
+...'$$.$$+ #...#######
###8### #.#'#.# #.....#


You could see a deep troll (ally target), a friendly lightning spire (summoned,
sheltered) and a friendly crimson imp (summoned, sheltered).

Vanquished Creatures (collateral kills)
  2 kobold demonologists (D)
  A slime creature (D)
  Sigmund (D)
  A floating eye (D)
  An ogre (D)
  Ijyb (D)
7 creatures vanquished.

Vanquished Creatures (others)
  Sonja (D)
  A yak (D)
  A jelly (D)
  2 ballistomycete spores (D)
5 creatures vanquished.

Grand Total: 12 creatures vanquished

Notes
Turn   | Place    | Note
-------+----------+-------------------------------------------
     0 | D        | Hipnos the Deep Elf Summoner began the quest for the Orb.
     0 | D        | Reached XP level 1. HP: 10/10 MP: 6/6
     1 | D        | Noticed Ijyb
    42 | D        | Killed Ijyb
    43 | D        | Reached skill level 6 in Summonings
    43 | D        | Reached XP level 2. HP: 9/15 MP: 6/8
   158 | D        | Learned a level 2 spell: Call Imp
   166 | D        | Noticed an ogre
   186 | D        | Killed an ogre
   187 | D        | Reached skill level 8 in Summonings
   187 | D        | Reached XP level 3. HP: 19/19 MP: 1/11
   382 | D        | Learned a level 3 spell: Call Canine Familiar
   386 | D        | Learned a level 3 spell: Summon Guardian Golem
   389 | D        | Noticed Sigmund
   421 | D        | Killed Sigmund
   422 | D        | Reached skill level 10 in Summonings
   422 | D        | Reached XP level 4. HP: 9/24 MP: 1/14
   617 | D        | Found an ornate altar of the Wu Jian Council.
   617 | D        | Found a shimmering blue altar of Sif Muna.
   619 | D        | Found a radiant altar of Vehumet.
   638 | D        | Reached XP level 5. HP: 28/28 MP: 12/16
   697 | D        | Found Qejou's Weapon Emporium.
   697 | D        | Found an ancient bone altar of Kikubaaqudgha.
   697 | D        | Found a hazy altar of Hepliaklqana.
   697 | D        | Found a stormy altar of Qazlal.
   697 | D        | Found a hide-covered altar of Uskayaw.
   697 | D        | Found a blossoming altar of Fedhas.
   697 | D        | Found a bloodstained altar of Trog.
   697 | D        | Found an iron altar of Okawaru.
   697 | D        | Found a basalt altar of Yredelemnul.
   697 | D        | Found a glowing golden altar of the Shining One.
   697 | D        | Found a snail-covered altar of Cheibriados.
   697 | D        | Found a sacrificial altar of Ru.
   697 | D        | Found a glowing silver altar of Zin.
   697 | D        | Found a shadowy altar of Dithmenos.
   697 | D        | Found a white marble altar of Elyvilon.
   697 | D        | Noticed a yak
   715 | D        | Killed a yak
   716 | D        | Reached skill level 1 in Hexes
   716 | D        | Reached skill level 12 in Summonings
   716 | D        | Reached XP level 6. HP: 25/32 MP: 3/19
   787 | D        | Became a worshipper of Sif Muna the Loreminder
   791 | D        | Found an opulent altar of Gozag.
   792 | D        | Found a sparkling altar of Nemelex Xobeh.
   815 | D        | Found a burning altar of Makhleb.
   815 | D        | Found a viscous altar of Jiyva.
   815 | D        | Found a shimmering altar of Xom.
   815 | D        | Found a corrupted altar of Lugonu.
   815 | D        | Noticed a slime creature
   825 | D        | Killed a slime creature
   826 | D        | Reached skill level 13 in Summonings
   908 | D        | Noticed a kobold demonologist
   908 | D        | Noticed a floating eye
   908 | D        | Noticed a kobold demonologist
   909 | D        | Noticed a soul eater
   914 | D        | Paralysed by a floating eye for 2 turns
   920 | D        | Killed a floating eye
   967 | D        | Killed a kobold demonologist
   967 | D        | Reached * piety under Sif Muna
   968 | D        | Reached skill level 10 in Spellcasting
   968 | D        | Reached XP level 7. HP: 7/37 MP: 12/22
  1149 | D        | Killed a kobold demonologist
  1150 | D        | Reached skill level 14 in Summonings
  1226 | D        | Noticed Sonja
  1273 | D        | Killed Sonja
  1274 | D        | Reached skill level 15 in Summonings
  1355 | D        | Learned a level 4 spell: Summon Lightning Spire
  1356 | D        | Noticed a deep troll
  1367 | D        | Slain by a deep troll

Illustrated notes

Levels and vault maps discovered:
D:        dungeon_sprint_1 [red_sonja_temple_1, red_sonja_temple_small_1]

Skill      XL: |  1  2  3  4  5  6  7 |
---------------+----------------------+-----
Summonings     | 6 8 10 12 13 15 | 15.3
Spellcasting   | 4 6 8 10 11 | 11.8
Hexes          | 1 2 3 |  3.3
Dodging        | 3 |  3.2
Fighting       | |  0.3
Stealth        | |  2.4

Action                   |  1- 3 |  4- 6 |  7- 9 || total
-------------------------+-------+-------+-------++-------
Melee: Dagger            |       |     1 |       ||     1
 Cast: Summon Small Mamm |    11 |     3 |     4 ||    18
       Call Imp          |     8 |    10 |     5 ||    23
       Summon Guardian G |     1 |     5 |     5 ||    11
       Call Canine Famil |     1 |     4 |     2 ||     7
       Summon Lightning  |       |       |     1 ||     1
  Use: Potion            |     1 |       |     1 ||     2
Armor: Robe              |     1 |     1 |       ||     2
Dodge: Dodged            |     2 |     7 |     3 ||    12
